Map: Ulrena

Players

fragleader - Winner!

  • Race: Protoss Protoss
  • League: Silver

iHendy

  • Race: Terran Terran

VOD

Have the link to the VOD?

Description

Time

  • Played on: Dec. 15, 2015, 3:30 p.m.
  • Length: 11:34
Show
View Real Time Build Order
Export as new Build Order

fragleader Protoss - Winner!

Build Orders:  

Get SALT Encoding   

  12  0:01  Probe (Chrono Boost)  
  13  0:11  Probe (Chrono Boost)  
  14  0:22  Pylon  
  14  0:24  Probe (Chrono Boost)  
  15  0:40  Probe (Chrono Boost)  
  15  0:41  Gateway  
  16  0:51  Probe (Chrono Boost)  
  17  1:00  Gateway  
  18  1:04  Probe (Chrono Boost)  
  18  1:11  Pylon, Assimilator  
  18  1:14  Probe (Chrono Boost)  
  19  1:25  Probe (Chrono Boost)  
  20  1:32  Cybernetics Core  
  20  1:36  Probe (Chrono Boost)  
  21  1:40  Assimilator  
  21  1:46  Probe (Chrono Boost)  
  22  1:54  Forge  
  22  2:01  Pylon  
  22  2:09  Stalker (Chrono Boost)  
  23  2:20  Warp Gate (Chrono Boost)  
  25  2:24  Probe  
  25  2:26  Zealot (Chrono Boost)  
  26  2:32  Photon Cannon  
  26  2:41  Probe  
  27  2:46  Stalker (Chrono Boost)  
  29  2:53  Sentry (Chrono Boost)  
  31  3:00  Probe  
  32  3:09  Photon Cannon  
  32  3:12  Probe  
  33  3:18  Stalker  
  34  3:24  Probe  
  35  3:29  Stalker  
  33  3:52  Probe  
  36  4:01  Pylon  
  36  4:08  Probe  
  35  4:11  Pylon  
  35  4:12  Protoss Ground Armor Level 1  
  35  4:16  Sentry  
  35  4:17  Stalker  
  39  4:31  Probe  
  40  4:51  Nexus  
  40  4:54  Pylon  
  40  4:55  Mothership Core  
  40  4:57  Robotics Facility  
  42  5:00  Assimilator  
  42  5:16  Probe  
  43  5:26  Adept x2  
  47  5:32  Probe  
  48  5:45  Observer (Chrono Boost)  
  48  5:49  Stalker  
  51  5:50  Sentry, Gateway  
  51  5:51  Gateway  
  53  6:05  Immortal (Chrono Boost)  
  57  6:13  Zealot  
  57  6:14  Zealot  
  57  6:28  Probe  
  57  6:29  Probe  
  59  6:38  Zealot x2  
  63  6:40  Pylon  
  63  6:44  Pylon  
  63  6:45  Probe  
  63  6:46  Probe  
  60  7:08  Probe  
  56  7:09  Probe  
  56  7:14  Photon Cannon  
  58  7:18  Probe, Immortal (Chrono Boost)  
  58  7:20  Protoss Ground Weapons Level 1 (Chrono Boost)  
  58  7:21  Probe  
  64  7:27  Pylon  
  64  7:29  Probe  
  65  7:41  Probe  
  65  7:42  Probe  
  67  7:48  Nexus  
  67  7:52  Pylon  
  67  7:53  Sentry  
  67  7:54  Sentry  
  67  7:56  Sentry  
  67  7:58  Probe x2  
  75  8:08  Probe  
  75  8:10  Probe  
  77  8:19  Robotics Bay  
  77  8:24  Probe  
  77  8:26  Probe  
  79  8:37  Pylon  
  79  8:39  Stalker, Sentry, Zealot  
  79  8:40  Zealot  
  87  8:55  Immortal (Chrono Boost)  
  91  9:01  Zealot  
  91  9:02  Zealot x2  
  97  9:05  Probe  
  97  9:06  Probe  
  97  9:07  Probe  
  100  9:12  Assimilator  
  100  9:20  Photon Cannon  
  100  9:23  Photon Cannon  
  100  9:24  Probe  
  101  9:26  Pylon  
  103  9:39  Colossus (Chrono Boost)  
  107  9:46  Zealot x4  
  115  9:55  Probe x2  
  115  9:56  Probe  
  118  10:00  Twilight Council  
  118  10:08  Stalker  
  118  10:09  Stalker  
  122  10:20  Stalker, Zealot  
  126  10:26  Colossus  
  126  10:30  Photon Cannon  
  132  10:48  Probe  
  133  10:55  Pylon  
  133  10:58  Pylon  
  133  11:11  Probe x2  
Show
View Real Time Build Order
Export as new Build Order

iHendy Terran 

Build Orders:  

Get SALT Encoding   

  12  0:12  Supply Depot  
  12  0:23  Refinery  
  12  0:36  Barracks  
  12  0:40  SCV  
  13  0:56  Barracks  
  13  1:01  SCV  
  14  1:24  Barracks  
  14  1:25  Reaper  
  15  1:43  Reaper  
  16  1:48  SCV  
  17  1:54  Refinery  
  17  2:23  Reaper  
  17  2:24  Reaper x2  
  20  2:50  Barracks  
  20  2:55  Barracks  
  20  2:56  Barracks Tech Lab x2  
  20  2:58  Barracks Tech Lab  
  20  3:21  Marauder  
  22  3:43  Marauder  
  23  3:58  Supply Depot  
  23  4:00  Supply Depot  
  23  4:15  Stimpack  
  23  4:20  Marauder x2  
  26  4:28  Marauder  
  26  4:51  Marauder x3  
  32  4:56  Barracks Tech Lab  
  32  5:12  SCV, Marauder  
  35  5:24  SCV  
  36  5:29  Marauder  
  38  6:03  Concussive Shells  
  38  6:10  Barracks Reactor  
  38  6:23  Marauder  
  38  6:35  Supply Depot  
  38  6:37  Supply Depot  
  38  6:38  Supply Depot  
  38  6:56  Marauder x3  
  35  7:04  Marine x3  
  28  7:16  Marine  
  28  7:17  Marine  
  28  7:18  Marauder  
  32  7:25  Marine x3  
  35  7:34  Marine  
  36  7:38  Factory  
  36  7:42  Marauder  
  38  7:50  SCV  
  39  7:55  Marine  
  40  7:58  Marine  
  40  8:02  SCV  
  42  8:07  Marauder  
  44  8:14  Marauder  
  44  8:19  Marine  
  47  8:25  Widow Mine  
  49  8:36  Marauder  
  51  8:42  Orbital Command  
  51  8:55  Engineering Bay  
  51  9:10  Marauder  
  51  9:11  Marine, Marauder  
  56  9:39  Command Center  
  56  9:47  Marauder  
  58  10:06  Marauder x2  
  62  10:22  Marine  
  63  10:38  Supply Depot  
  63  10:51  Marauder x3, Marine  
  63  10:54  Supply Depot  
  70  10:59  SCV  
  71  11:06  Marine x2  
Tags
 
League
Silver
Matchup
PvT
Add a new tag
Caveats
  • Supply blocks, unpowered buildings, or Contaminate may cause inaccurate times.
  • Supply counts are checked every 10 seconds.